 Dungeon Crawl Stone Soup version 0.28-a0-1182-g381e24db82 (webtiles) character file.

Game seed: 13900180444763709571

138719 Jannitor the Marksdemonspawn (level 16, -6/129 HPs)
             Began as a Demonspawn Chaos Knight on Dec 17, 2021.
             Was a Plaything of Xom.
             Mangled by a redback (9 damage)
             ... on level 4 of the Lair of Beasts.
             The game lasted 00:57:45 (30174 turns).

Jannitor the Marksdemonspawn (DsCK)                Turns: 30174, Time: 00:57:45

Health: -6/129     AC: 13    Str: 16 (17) XL:     16   Next: 72%
Magic:  0/16       EV: 13    Int: 12 (13) God:    Xom [....*.]
Gold:   3221       SH:  6    Dex: 23 (24) Spells: 15/15 levels left

rFire   + + .      SeeInvis +   b - +8 longbow "Zephyr" {speed, Dex+3 SInv}
rCold   + + +      Faith    .   (shield currently unavailable)
rNeg    + . .      Spirit   +   I - +0 shadow dragon scales
rPois   +          Reflect  .   (no helmet)
rElec   +          Harm     .   (cloak unavailable)
rCorr   .          Rampage  +   C - +1 pair of gloves
Will    +....                   (no boots)
Stlth   ++++++++..              l - amulet "Gezuna" {Spirit Rampage rF+ rC+}
HPRegen 1.31/turn               f - ring of poison resistance
MPRegen 0.30/turn               N - ring of Distaof {+Blink rF+ rC+ rN+}

@: lethally poisoned (-6 -> -48), studying Axes
A: large bone plates 2, powered by death 3, magic shield, magic regeneration,
weakness stinger 3, thin skeletal structure 1, cold resistance 1, deformed body,
deterioration 2, shaggy fur 1, electricity resistance, strong 1, wild magic 1,
MP-powered wands, noise suppression
a: Renounce Religion, Evoke Blink


You were on level 4 of the Lair of Beasts.
You worshipped Xom.
You were a beloved toy of Xom.
You visited 4 branches of the dungeon, and saw 24 of its levels.
You also visited: Gauntlet and Volcano.

You collected 4753 gold pieces.
You spent 1532 gold pieces at shops.

Inventory:

Hand Weapons
 a - the +12 glaive of Prune {vorpal}
   (You took it off a minotaur in a Gauntlet)

   It inflicts extra damage upon your enemies.
 b - the +8 longbow "Zephyr" (weapon) {speed, Dex+3 SInv}
   (You found it on level 5 of the Dungeon)

   Attacks with this weapon are significantly faster.
   Dex:       It affects your dexterity (+3).
   SInv:      It lets you see invisible.
 Y - a +2 great sword of flaming
Missiles
 p - 170 arrows (quivered ammo)
 w - 3 throwing nets
 L - 3 curare-tipped darts
Armour
 C - a +1 pair of gloves (worn)
 I - +0 shadow dragon scales (worn)
Jewellery
 f - a ring of poison resistance (left hand)
 l - the amulet "Gezuna" (around neck) {Spirit Rampage rF+ rC+}
   (You found it in a Gauntlet)

   [amulet of guardian spirit]

   It causes incoming damage to be divided between your reserves of health and
   magic.
   rF:        It protects you from fire.
   rC:        It protects you from cold.
   Rampage:   It bestows one free step when moving towards enemies.
 x - a ring of protection from cold
 D - a ring of willpower
 K - an amulet of reflection
 N - the ring of Distaof (right hand) {+Blink rF+ rC+ rN+}
   (Xom gifted it to you on level 13 of the Dungeon)

   [ring of positive energy]

   rF:        It protects you from fire.
   rC:        It protects you from cold.
   rN:        It protects you from negative energy.
   +Blink:    It lets you blink.
 O - a +4 ring of protection
Wands
 g - a wand of iceblast (34)
 j - a wand of acid (9)
 k - a wand of charming (4)
 s - a wand of flame (9)
 Q - a wand of mindburst (10)
 X - a wand of polymorph (5)
Scrolls
 d - 5 scrolls of magic mapping
 e - 3 scrolls of noise
 h - 2 scrolls of fear
 i - 3 scrolls of amnesia
 m - a scroll of blinking
 n - 3 scrolls of teleportation
 r - 3 scrolls of holy word
 t - a scroll of immolation
 u - a scroll of summoning
 v - 3 scrolls of enchant armour
 G - 13 scrolls of identify
 R - a scroll of silence
 V - a scroll of fog
Potions
 c - a potion of degeneration {unknown}
 o - 4 potions of attraction
 q - 2 potions of flight
 z - 3 potions of mutation
 B - a potion of brilliance
 E - a potion of haste
 F - a potion of ambrosia
 H - 3 potions of might
 J - 4 potions of lignification
 M - 3 potions of heal wounds
 P - 2 potions of invisibility
 S - 3 potions of cancellation
 U - a potion of curing
 Z - 3 potions of resistance
Miscellaneous
 y - a box of beasts


   Skills:
 + Level 12.8 Fighting
 - Level 5.5 Short Blades
 + Level 4.3 Polearms
 * Level 16.2 Bows
 + Level 11.0 Armour
 + Level 9.4 Dodging
 + Level 12.1 Stealth
 - Level 5.7 Evocations


You had 15 spell levels left.
You didn't know any spells.
Your spell library contained the following spells:

 Spells                   Type           Power      Damage    Failure   Level
 Animate Skeleton         Necr           0%         N/A       98%         1
 Apportation              Tloc           0%         N/A       98%         1
 Freeze                   Ice            0%         1d3       98%         1
 Summon Small Mammal      Summ           0%         N/A       98%         1
 Corpse Rot               Necr/Air       0%         N/A       99%         2
 Frozen Ramparts          Ice            0%         1d2       100%        3
 Dispel Undead            Necr           0%         3d6       100%        4
 Hailstorm                Conj/Ice       0%         3d3       100%        4
 Sticky Flame             Conj/Fire      0%         2d3       100%        4
 Summon Ice Beast         Ice/Summ       0%         N/A       100%        4
 Summon Lightning Spire   Summ/Air       0%         N/A       100%        4
 Excruciating Wounds      Necr           0%         N/A       100%        5
 Iskenderun's Battlesphe  Conj           0%         2d6       100%        5
 Silence                  Hex/Air        0%         N/A       100%        5
 Summon Forest            Summ/Tloc      0%         N/A       100%        5
 Summon Mana Viper        Hex/Summ       0%         N/A       100%        5
 Death Channel            Necr           0%         N/A       100%        6
 Haunt                    Necr/Summ      0%         N/A       100%        7
 Monstrous Menagerie      Summ           0%         N/A       100%        7
 Storm Form               Tmut/Air       0%         N/A       100%        7
 Maxwell's Capacitive Co  Air            0%         ∞         100%        8
 Fire Storm               Conj/Fire      0%         5d1       100%        9


Dungeon Overview and Level Annotations

Branches:
Dungeon (15/15)            Temple (0/1) D:7            Lair (6/6) D:8
  Swamp (0/4) Lair:2       Spider (1/4) Lair:4        Slime (0/5) Lair:5
    Orc (2/2) D:12            Elf (0/3) Orc:2        Vaults (0/5) D:14
 Depths (0/4) D:15        Volcano (visited)         Gauntlet (visited)

Altars:
Fedhas
Hepliaklqana
Kikubaaqudgha
Makhleb
Okawaru
Qazlal
Xom
Beogh
Jiyva
Lugonu

Shops:
D:1 (   D:7 !   D:9 =   Orc:1 *   Orc:2 (=[[

Annotations:
D:11 3 runed translucent doors, alexyer's ghost, journeyman TeAE
D:13 exclusion: door
Lair:2 3 runed translucent doors, Gilette's ghost, journeyman FeTm
Spider:1 Frances


Innate Abilities, Weirdness & Mutations

You are mostly covered in large bone plates. (SH +6)
You regenerate a lot of health from kills.
When hurt, damage is shared between your health and your magic reserves.
You regenerate magic rapidly.
You have a sharp stinger which inflicts weakening toxins.
You have a somewhat thin skeletal structure. (Dex +2, Stealth+)
Your flesh is cold resistant. (rC+)
Armour fits poorly on your strangely shaped body.
Your body often deteriorates upon taking damage.
You are covered in fur. (AC +1)
You are resistant to electric shocks. (rElec)
Your muscles are strong. (Str +2)
Your spells are a little harder to cast, but a little more powerful.
You expend magic power (3 MP) to strengthen your wands.
You passively dampen the noise of your surroundings.


Message History

Press: ? - help, Q - select action, (/) - cycle Shift-Dir - straight line, f - redback
Aim: a redback (73% to hit)
You shoot an arrow. The arrow barely misses the redback.
You feel very sick. You block the redback's attack.
The wolf spider hits you but does no damage.
You block the wolf spider's attack. The wolf spider hits you!
The wolf spider bites you but does no damage.
The redback bites you.
The redback bites you but does no damage.
Unknown command.
Fire: 171 arrows
Press: ? - help, Q - select action, (/) - cycle Shift-Dir - straight line, f/p - redback
Aim: a redback (73% to hit)
You shoot an arrow. The arrow hits the redback.
The redback is lightly wounded.
You feel very sick. The redback closely misses you. The redback bites you.
The wolf spider hits you! You block the wolf spider's attack.
Unknown command.
Okay, then.
Unknown command.
You fail to use your ability.
You feel very sick. You block the redback's attack.
The wolf spider barely misses you. x2
You block the redback's attack. The redback bites you.
The wolf spider hits you!
* * * LOW HITPOINT WARNING * * *
The wolf spider bites you!
* * * LOW HITPOINT WARNING * * *
The redback bites you!
* * * LOW HITPOINT WARNING * * *
You are lethally poisoned!
The redback poisons you! The wolf spider hits you!
* * * LOW HITPOINT WARNING * * *
The wolf spider closely misses you. The redback closely misses you.
The redback bites you but does no damage.
The redback bites you!
You die...
Xom howls with laughter!

#################
#.....#.........#
#.....#........##
##.............#
#..............##
#########.......#
#####s####......#
#('s@s'..#.....##
##.≈sss≈..#.....#
#..≈≈≈≈≈.###....#
##.≈≈..≈^##.....####
######.^.#^..#.#....#..###
#....#..^....#..........#.
##...#.##....#.......#....
#.........#........####..#
##..^.#...^.#^.#...# ###.


You could see 2 wolf spiders and 4 redbacks.

Vanquished Creatures
  An orc warlord (Orc:2)
  Harold (D:7)
  5 centaur warriors
  3 boulder beetles
  4 rakshasas (D:15)
  A vault guard (D:14)
  17 hydras
  An ogre mage (D:15)
  Erolcha (Orc:1)
  An anaconda (Lair:5)
  2 catoblepae
  7 two-headed ogres
  An orc high priest (Orc:2)
  4 tengu warriors
  A hell hog (Gauntlet)
  Sonja (D:13)
  Nergalle (Lair:2)
  4 skeletal warriors
  A glowing orange brain (D:15)
  2 goliath frogs (Lair:6)
  An anaconda skeleton (Volcano)
  3 deep elf pyromancers
  A mana viper (shapeshifter) (D:15)
  4 orc knights
  3 wolf spiders
  6 orc sorcerers (Orc:2)
  An orb spider (Lair:4)
  6 ugly things
  4 manticores
  5 cyclopes
  A wolf spider (shapeshifter) (D:15)
  4 black mambas
  Maurice (D:13)
  3 centaur zombies
  13 elephants
  6 gargoyles
  5 torpor snails
  30 cane toads
  Maggie (Lair:1)
  An efreet (D:14)
  2 unseen horrors (D:11)
  2 minotaur zombies (Gauntlet)
  4 rime drakes
  2 unseen horrors (shapeshifter)
  A tengu conjurer (D:14)
  2 freezing wraiths (D:14)
  A komodo dragon (shapeshifter) (D:5)
  9 komodo dragons
  7 trolls
  4 tyrant leeches
  Grinder (D:4)
  A harpy skeleton (Volcano)
  A slime creature (shapeshifter) (D:5)
  A hornet (D:7)
  4 polar bears
  A raiju (shapeshifter) (D:14)
  11 dream sheep
  12 slime creatures
  Prince Ribbit (D:7)
  25 blink frogs
  2 centaur simulacra (Gauntlet)
  7 flying skulls
  A redback (shapeshifter) (Lair:6)
  3 alligator skeletons (Volcano)
  A shadow (D:13)
  A tarantella (Spider:1)
  2 wraiths
  5 wyverns
  3 redbacks
  4 fire bats
  A spriggan (D:10)
  41 yaks
  4 basilisks
  11 vampire mosquitoes
  5 wargs
  2 swamp worms (Lair:2)
  4 small abominations (D:9)
  18 water moccasins
  5 acid dragons
  A hell hound (Gauntlet)
  A meliai simulacrum (Gauntlet)
  A black bear (D:8)
  22 orc warriors
  An ice beast (D:8)
  15 ogres
  2 necrophages (D:7)
  14 centaurs
  4 wolves (Lair:2)
  2 phantoms
  A kobold brigand (D:8)
  Blork the orc (D:6)
  18 bullfrogs
  6 scorpions
  A water moccasin zombie (D:5)
  15 killer bees
  4 wights (D:9)
  A spriggan skeleton (Volcano)
  12 howler monkeys
  A troll skeleton (Volcano)
  6 electric eels
  A hound (D:4)
  A wyvern simulacrum (Gauntlet)
  A centaur skeleton (D:6)
  A gnoll shaman (D:4)
  3 jellies
  15 orc priests
  3 iguanas
  26 orc wizards
  4 naga skeletons (Volcano)
  A hound zombie (D:5)
  3 gnolls
  10 adders
  A shadow imp (D:5)
  A worm (D:2)
  4 dart slugs
  82 orcs
  2 bats (D:1)
  3 endoplasms
  2 giant cockroaches (D:1)
  4 goblins
  4 hobgoblins
  3 jackals (D:1)
  4 quokkas
  9 ball pythons
  10 frilled lizards
  11 kobolds
  6 rats
714 creatures vanquished.

Vanquished Creatures (collateral kills)
  A minotaur (Gauntlet)
  Fannar (D:10)
  A rime drake (Lair:1)
  A blink frog (Lair:5)
4 creatures vanquished.

Vanquished Creatures (others)
  A black bear (D:5)
  3 demonic plants (Gauntlet)
  64 fungi
  124 plants
192 creatures vanquished.

Grand Total: 910 creatures vanquished

Notes
Turn   | Place    | Note
-------+----------+-------------------------------------------
     0 | D:1      | Jannitor the Demonspawn Chaos Knight began the quest for
                  | the Orb.
     0 | D:1      | Reached XP level 1. HP: 18/18 MP: 1/1
    28 | D:1      | Reached skill level 1 in Dodging
   114 | D:1      | XOM: potion effect (might)
   116 | D:1      | Gained mutation: You are partially covered in large bone
                  | plates. (SH +4) [demonic ancestry]
   116 | D:1      | Reached XP level 2. HP: 24/24 MP: 2/2
   266 | D:1      | XOM: polymorph jackal -> bat
   359 | D:1      | Found Yppin's Antique Weapon Boutique.
   422 | D:1      | Gained mutation: You have a small tail. [demonic ancestry]
   422 | D:1      | Reached XP level 3. HP: 23/29 MP: 3/3
   737 | D:1      | Reached skill level 1 in Stealth
  1149 | D:2      | Identified a scroll of acquirement
  1149 | D:2      | Acquired 561 gold pieces
  1354 | D:2      | Reached XP level 4. HP: 35/35 MP: 4/4
  1388 | D:2      | XOM: cloud trail
  1461 | D:2      | XOM: divination: detect items
  1559 | D:2      | XOM: silly message
  1981 | D:2      | XOM: 1-stop teleportation journey
  2063 | D:2      | XOM: give mutations
  2063 | D:2      | Gained mutation: You have a pair of small horns on your
                  | head. [Xom's grace]
  2063 | D:2      | Gained mutation: You have a beak for a mouth. [Xom's grace]
  2173 | D:3      | Noticed an ogre
  2192 | D:3      | XOM: enchant monster (good)
  2362 | D:4      | Reached XP level 5. HP: 42/42 MP: 5/5
  2429 | D:4      | XOM: cloud trail
  2495 | D:4      | XOM: give mutation
  2495 | D:4      | Gained mutation: Your mind is acute. (Int +2) [Xom's grace]
  2500 | D:4      | XOM: 2-stop teleportation journey
  2580 | D:4      | XOM: give mutation
  2580 | D:4      | Gained mutation: Your system is resistant to poisons.
                  | (rPois) [Xom's grace]
  2590 | D:4      | XOM: scenery: summon butterflies
  2729 | D:5      | Entered Level 5 of the Dungeon
  2739 | D:5      | XOM is BORED!
  2739 | D:5      | XOM: draining
  2745 | D:5      | Noticed Grinder
  2745 | D:5      | Found the +8 longbow "Zephyr" {speed, Dex+3 SInv}
  2764 | D:4      | XOM: cloud trail
  2804 | D:5      | Noticed a black bear
  2805 | D:5      | XOM: scenery: summon butterflies
  2810 | D:5      | Noticed a shapeshifter
  2810 | D:5      | a scorpion changed into a shapeshifter
  2810 | D:5      | XOM: polymorph scorpion -> shapeshifter
  2810 | D:5      | Noticed a meliai
  2810 | D:5      | a shapeshifter changed into a meliai
  2814 | D:5      | XOM: scenery: summon butterflies
  2819 | D:5      | Noticed a yak
  2819 | D:5      | XOM: cleaving
  2820 | D:5      | Killed a black bear
  2820 | D:5      | XOM: destruction
  2826 | D:5      | XOM: cast spell 'Summon Small Mammal'
  2865 | D:5      | XOM: enchant monster (bad)
  3044 | D:4      | XOM: torment (19/38 hp)
  3199 | D:5      | XOM: chaos cloud
  3207 | D:4      | XOM: torment (15/38 hp)
  3456 | D:4      | XOM: give mutation
  3456 | D:4      | Lost mutation: You have a pair of small horns on your head.
                  | [Xom's mischief]
  3590 | D:5      | XOM: enchant monster (bad)
  3609 | D:5      | Paralysed by Grinder for 7 turns
  3671 | D:5      | XOM: stat loss: -1 Int (14/15)
  3673 | D:5      | XOM: summons 3 hostile shadow creatures
  3682 | D:4      | Killed Grinder
  3683 | D:4      | Gained mutation: You regenerate magic rapidly. [demonic
                  | ancestry]
  3683 | D:4      | Reached XP level 6. HP: 41/49 MP: 6/6
  3776 | D:5      | Reached XP level 7. HP: 49/55 MP: 7/7
  3851 | D:5      | XOM: summons 2 hostile shadow creatures
  4049 | D:5      | XOM: enchant monster (bad)
  4050 | D:5      | XOM: cleaving
  4051 | D:4      | XOM: summons 2 friendly demons
  4056 | D:4      | Reached skill level 5 in Short Blades
  4060 | D:4      | Noticed a shapeshifter
  4060 | D:4      | a gnoll changed into a shapeshifter
  4060 | D:4      | XOM: polymorph gnoll -> shapeshifter
  4061 | D:4      | Noticed a yaktaur
  4061 | D:4      | a shapeshifter changed into a yaktaur
  4063 | D:4      | Noticed a black mamba
  4063 | D:4      | a yaktaur changed into a black mamba
  4065 | D:5      | XOM: summons friendly iron imp
  4069 | D:5      | Noticed a guardian serpent
  4069 | D:5      | a black mamba changed into a guardian serpent
  4078 | D:5      | Noticed a shapeshifter
  4078 | D:5      | a guardian serpent changed into a shapeshifter
  4078 | D:5      | Noticed a tarantella
  4078 | D:5      | a shapeshifter changed into a tarantella
  4082 | D:5      | XOM: destruction
  4085 | D:5      | XOM: enchant monster (bad)
  4091 | D:5      | XOM: fog
  4403 | D:5      | Noticed a raiju
  4418 | D:4      | XOM: give mutations
  4418 | D:4      | Gained mutation: You occasionally shout uncontrollably at
                  | your foes. [Xom's mischief]
  4418 | D:4      | Gained mutation: You possess an exceptional clarity of
                  | mind. [Xom's mischief]
  4634 | D:6      | XOM: summons 1 hostile shadow creature
  4681 | D:6      | XOM: scenery: 1 doors open
  4869 | D:6      | Noticed Blork the orc
  4876 | D:6      | Killed Blork the orc
  4908 | D:6      | XOM: summons 2 hostile demons
  4947 | D:6      | Reached skill level 5 in Fighting
  4950 | D:6      | XOM: silly message
  5051 | D:6      | XOM: 4-stop teleportation journey
  5102 | D:6      | XOM: 7-stop teleportation journey
  5126 | D:6      | XOM: 1-stop teleportation journey
  5264 | D:6      | XOM: scenery: 2 doors open
  5381 | D:6      | Reached XP level 8. HP: 37/62 MP: 8/8
  5408 | D:6      | Reached skill level 1 in Bows
  5411 | D:6      | XOM: give mutation
  5411 | D:6      | Gained mutation: You are frail. (-10% HP) [Xom's mischief]
  5721 | D:6      | XOM: god gift: staff of conjuration
  5844 | D:7      | Found a staircase to the Ecumenical Temple.
  5877 | D:7      | XOM: give mutations
  5877 | D:7      | Gained mutation: You have hidden genetic potential. [Xom's
                  | grace]
  5877 | D:7      | Gained mutation: You expend magic power (3 MP) to
                  | strengthen your wands. [Xom's grace]
  5877 | D:7      | Gained mutation: Your mind is very acute. (Int +4) [Xom's
                  | grace]
  5877 | D:7      | Gained mutation: You have sharp toenails. [Xom's grace]
  5938 | D:7      | Noticed Harold
  6101 | D:7      | Noticed a hornet
  6112 | D:7      | Noticed Prince Ribbit
  6134 | D:7      | Killed Prince Ribbit
  6135 | D:7      | Reached skill level 2 in Bows
  6264 | D:7      | XOM: divination: detect creatures
  6275 | D:7      | XOM: silly message
  6301 | D:7      | Reached skill level 3 in Bows
  6456 | D:7      | XOM: potion effect (might)
  6469 | D:7      | Reached skill level 4 in Bows
  6469 | D:7      | Reached skill level 5 in Stealth
  6472 | D:7      | Gained mutation: You are mostly covered in large bone
                  | plates. (SH +6) [demonic ancestry]
  6472 | D:7      | Reached XP level 9. HP: 39/62 MP: 9/9
  6494 | D:7      | Gained mutation: You have a somewhat thin skeletal
                  | structure. (Dex +2, Stealth+) [hidden potential]
  6723 | D:7      | Found an ancient bone altar of Kikubaaqudgha.
  6729 | D:7      | XOM: confuse monster(s)
  6731 | D:7      | XOM: confuse monster(s)
  6744 | D:7      | Reached skill level 5 in Dodging
  6760 | D:7      | XOM: cleaving
  6764 | D:7      | Killed Harold
  6765 | D:7      | Reached skill level 5 in Bows
  6772 | D:7      | XOM: summons 3 friendly demons
  6774 | D:7      | XOM: god gift: 4 atropa-tipped darts
  6940 | D:7      | Found Refyx's Distillery.
  6946 | D:7      | Bought a potion of haste for 120 gold pieces
  6946 | D:7      | Bought a potion of haste for 120 gold pieces
  6946 | D:7      | Bought a potion of heal wounds for 60 gold pieces
  6946 | D:7      | Bought a potion of mutation for 96 gold pieces
  6946 | D:7      | Bought a potion of heal wounds for 60 gold pieces
  6946 | D:7      | Bought a potion of curing for 36 gold pieces
  7039 | D:7      | XOM: god gift: box of beasts
  7044 | D:7      | XOM: god gift: wand of acid (4)
  7112 | D:7      | XOM: scenery: create altars
  7172 | D:7      | XOM: cloud trail
  7225 | D:7      | XOM: god gift: book of Cantrips
  7293 | D:8      | XOM: god gift: bubbling white potion {god gift}
  7445 | D:8      | XOM: give mutations
  7445 | D:8      | Gained mutation: You have a pair of small horns on your
                  | head. [Xom's grace]
  7445 | D:8      | Gained mutation: Your muscles are strong. (Str +2) [Xom's
                  | grace]
  7517 | D:8      | Reached skill level 6 in Bows
  7527 | D:8      | Noticed a komodo dragon
  7533 | D:8      | Killed a komodo dragon
  7544 | D:8      | Found a staircase to the Lair.
  7557 | D:8      | Gained mutation: You have a tail ending in a sharp stinger.
                  | [demonic ancestry]
  7557 | D:8      | Reached XP level 10. HP: 50/71 MP: 10/10
  7576 | D:8      | XOM: give mutations
  7576 | D:8      | Lost mutation: Your muscles are strong. (Str +2) [Xom's
                  | mischief]
  7576 | D:8      | Lost mutation: You occasionally shout uncontrollably at
                  | your foes. [Xom's mischief]
  7723 | D:8      | Lost mutation: You are frail. (-10% HP) [hidden potential]
  7723 | D:8      | Lost mutation: You have hidden genetic potential. [hidden
                  | potential expressed]
  7844 | D:8      | Found a stormy altar of Qazlal.
  7844 | D:8      | XOM: 2-stop teleportation journey
  7905 | D:7      | XOM: potion effect (invisibility)
  8198 | D:8      | Found a burning altar of Makhleb.
  8203 | D:8      | Found a blossoming altar of Fedhas.
  8300 | D:8      | Found a shimmering altar of Xom.
  8354 | D:8      | Noticed a two-headed ogre
  8362 | D:8      | XOM: potion effect (experience)
  8362 | D:8      | Reached skill level 9 in Bows
  8362 | D:8      | Reached skill level 5 in Armour
  8362 | D:8      | Gained mutation: When hurt, damage is shared between your
                  | health and your magic reserves. [demonic ancestry]
  8362 | D:8      | Reached XP level 11. HP: 84/84 MP: 11/11
  8363 | D:8      | Killed a two-headed ogre
  8377 | D:8      | XOM: noise
  8623 | D:9      | Found Koyganue's Jewellery Emporium.
  8745 | D:9      | XOM: noise
  8914 | D:9      | Noticed a white ugly thing
  8920 | D:9      | Found a corrupted altar of Lugonu.
  8922 | D:9      | Noticed a purple ugly thing
  8934 | D:9      | XOM: divination: detect creatures
  9008 | D:9      | XOM: silly message
  9212 | D:9      | Found a transporter.
  9214 | D:9      | Found a transporter.
  9222 | D:9      | XOM: 5-stop teleportation journey
  9462 | D:10     | Entered Level 10 of the Dungeon
  9484 | D:10     | XOM: confuse monster(s)
  9521 | D:10     | Reached skill level 10 in Bows
 10010 | D:10     | Found an iron altar of Okawaru.
 10142 | D:10     | Noticed Fannar
 10156 | D:10     | XOM: summons friendly shadow imp
 10159 | D:10     | XOM: cast spell 'Discord'
 10174 | D:10     | Killed Fannar
 10233 | D:10     | XOM: god gift: 26 gold pieces
 10426 | D:10     | Noticed a skeletal warrior
 10430 | D:10     | Paralysed by a spriggan for 4 turns
 10433 | D:10     | XOM: summons 2 friendly demons
 10452 | D:10     | XOM: noise
 10458 | D:10     | XOM: silly message
 10466 | D:10     | XOM: butterfly on damage
 10482 | D:10     | Killed a skeletal warrior
 10650 | D:10     | XOM: give mutation
 10650 | D:10     | Lost mutation: You have sharp toenails. [Xom's mischief]
 10823 | D:10     | Found a faded altar of an unknown god.
 10824 | D:10     | Found a hazy altar of Hepliaklqana.
 10951 | D:10     | XOM: scenery: summon butterflies
 11072 | D:11     | Found a runed translucent gate.
 11072 | D:11     | Found a runed translucent gate.
 11072 | D:11     | Found a runed translucent gate.
 11074 | D:11     | Noticed a five-headed hydra
 11076 | D:11     | Noticed alexyer's ghost (journeyman TeAE)
 11090 | D:11     | Noticed a phantasmal warrior
 11124 | D:11     | XOM: blink monster(s)
 11204 | D:11     | Noticed a seven-headed hydra
 11206 | D:11     | XOM: 6-stop teleportation journey
 11208 | D:11     | Killed a seven-headed hydra
 11230 | D:11     | Reached XP level 12. HP: 79/94 MP: 9/12
 11520 | D:11     | XOM: give mutation
 11520 | D:11     | Gained mutation: You are covered in fur. (AC +1) [Xom's
                  | mischief]
 11732 | D:11     | Noticed a boulder beetle
 11747 | D:11     | Killed a boulder beetle
 11770 | D:11     | XOM: 4-stop teleportation journey
 11802 | D:11     | XOM: 1-stop teleportation journey
 12108 | D:12     | Reached skill level 11 in Bows
 12124 | D:12     | XOM: give mutation
 12124 | D:12     | Gained mutation: Your body sometimes deteriorates upon
                  | taking damage. [Xom's mischief]
 12325 | D:12     | Found a staircase to the Orcish Mines.
 12350 | D:12     | XOM: polymorph troll -> shapeshifter
 12352 | D:12     | XOM: 1-stop teleportation journey
 12419 | D:12     | XOM: potion effect (curing)
 12424 | D:12     | XOM: cast spell 'Leda's Liquefaction'
 12431 | D:12     | XOM: divination: magic mapping
 12692 | D:12     | XOM: noise
 12824 | D:12     | XOM: noise
 12908 | D:12     | XOM: noise
 13179 | D:13     | Noticed Maurice
 13184 | D:13     | Killed Maurice
 13198 | D:13     | Noticed a tengu warrior
 13198 | D:13     | Noticed a tengu warrior
 13198 | D:13     | Noticed a boulder beetle
 13198 | D:13     | XOM: 2-stop teleportation journey
 13238 | D:13     | Noticed a centaur warrior
 13248 | D:13     | Killed a centaur warrior
 13307 | D:13     | XOM: give mutations
 13307 | D:13     | Lost mutation: You possess an exceptional clarity of mind.
                  | [Xom's mischief]
 13307 | D:13     | Gained mutation: You are frail. (-10% HP) [Xom's mischief]
 13380 | D:13     | Noticed Sonja
 13380 | D:13     | XOM: god gift: 31 gold pieces
 13385 | D:13     | Killed Sonja
 13426 | D:13     | Noticed a six-headed hydra
 13461 | D:13     | Killed a tengu warrior
 13467 | D:13     | XOM: confusion
 13473 | D:13     | Killed a tengu warrior
 13474 | D:13     | Reached skill level 12 in Bows
 13604 | D:13     | XOM: summons 7 hostile demons
 13649 | D:13     | XOM: stat loss: -1 Int (15/17)
 13666 | D:13     | Killed a six-headed hydra
 13859 | D:13     | Noticed a centaur warrior
 13863 | D:13     | Killed a centaur warrior
 13867 | D:13     | XOM: confusion (+ monsters)
 14057 | D:13     | Noticed a centaur warrior
 14057 | D:13     | XOM: cleaving
 14076 | D:13     | XOM: scenery: create altars
 14087 | D:13     | XOM: summons friendly crimson imp
 14090 | D:13     | Killed a centaur warrior
 14091 | D:13     | Gained mutation: You have a sharp stinger which inflicts
                  | weakening toxins. [demonic ancestry]
 14091 | D:13     | Reached XP level 13. HP: 29/91 MP: 2/13
 14094 | D:13     | XOM: cast spell 'Chain of Chaos'
 14097 | D:13     | XOM: cleaving
 14623 | D:13     | Identified the ring of Distaof {+Blink rF+ rC+ rN+} (Xom
                  | gifted it to you on level 13 of the Dungeon)
 14623 | D:13     | XOM: god gift: ring of Distaof {+Blink rF+ rC+ rN+}
 14822 | D:13     | XOM: scenery: create altars
 14852 | D:13     | XOM: divination: magic mapping
 14963 | D:13     | XOM: scenery: create altars
 15119 | Lair:1   | Entered Level 1 of the Lair of Beasts
 15128 | Lair:1   | XOM: scenery: create altars
 15207 | Lair:1   | XOM: scenery: create altars
 15270 | Lair:1   | Reached skill level 10 in Fighting
 15270 | Lair:1   | Reached skill level 13 in Bows
 15270 | Lair:1   | Reached skill level 5 in Evocations
 15270 | Lair:1   | Gained mutation: You regenerate a little health from kills.
                  | [demonic ancestry]
 15270 | Lair:1   | Reached XP level 14. HP: 99/99 MP: 14/14
 15301 | Lair:1   | XOM: god gift: Xom's Handbook of Flawed Execution {god
                  | gift}
 15302 | Lair:1   | Got Xom's Handbook of Flawed Execution {god gift}
 15323 | Lair:1   | XOM: confuse monster(s)
 15344 | Lair:1   | XOM: noise
 15345 | Lair:1   | XOM: 2-stop teleportation journey
 15362 | Lair:1   | Noticed Maggie
 15369 | Lair:1   | XOM: summons 4 friendly demons
 15373 | Lair:1   | Killed Maggie
 15875 | Lair:1   | XOM: scenery: summon butterflies
 16040 | Lair:1   | XOM: cloud trail
 16084 | Lair:2   | XOM: stealth player
 16089 | Lair:2   | XOM: confuse monster(s)
 16226 | Lair:2   | Found a staircase to the Swamp.
 16403 | Lair:2   | XOM: give mutations
 16403 | Lair:2   | Gained mutation: Your spells are a little harder to cast,
                  | but a little more powerful. [Xom's grace]
 16403 | Lair:2   | Gained mutation: You possess an exceptional clarity of
                  | mind. [Xom's grace]
 16403 | Lair:2   | Gained mutation: You have sharp toenails. [Xom's grace]
 16403 | Lair:2   | Lost mutation: You have sharp toenails. [Xom's grace]
 16403 | Lair:2   | Gained mutation: You have large cloven feet. [Xom's grace]
 16410 | Lair:2   | XOM: cloud trail
 16551 | Lair:2   | XOM: give mutation
 16551 | Lair:2   | Lost mutation: Your system is resistant to poisons. (rPois)
                  | [Xom's mischief]
 16590 | Lair:2   | Noticed Nergalle
 16594 | Lair:2   | XOM: swap monsters
 16602 | Lair:2   | Killed Nergalle
 16672 | Lair:2   | Found a runed translucent gate.
 16673 | Lair:2   | Found a runed translucent gate.
 16675 | Lair:2   | Found a runed translucent gate.
 16679 | Lair:2   | Noticed Gilette's ghost (journeyman FeTm)
 16890 | Lair:2   | XOM: give mutations
 16890 | Lair:2   | Lost mutation: Your mind is very acute. (Int +4) [Xom's
                  | mischief]
 16890 | Lair:2   | Lost mutation: Your body sometimes deteriorates upon taking
                  | damage. [Xom's mischief]
 17271 | Lair:2   | Found a viscous altar of Jiyva.
 17341 | Lair:3   | XOM: give mutations
 17341 | Lair:3   | Lost mutation: Your mind is acute. (Int +2) [Xom's
                  | mischief]
 17341 | Lair:3   | Lost mutation: You are covered in fur. (AC +1) [Xom's
                  | mischief]
 17548 | Lair:3   | XOM: potion effect (might)
 17822 | Lair:3   | XOM: divination: detect items
 17859 | Lair:3   | XOM: potion effect (might)
 17919 | Lair:3   | XOM: potion effect (might)
 18311 | Lair:3   | XOM: silly message
 18376 | Lair:3   | XOM: divination: magic mapping
 18515 | Lair:4   | XOM: silly message
 18654 | Lair:4   | Found a hole to the Spider Nest.
 18686 | Lair:4   | XOM: divination: magic mapping
 18732 | Lair:4   | XOM: potion effect (haste)
 18733 | Lair:4   | Reached skill level 10 in Stealth
 18733 | Lair:4   | XOM: potion effect (might)
 18781 | Lair:4   | XOM: silly message
 18782 | Lair:4   | XOM: silly message
 19036 | Lair:4   | XOM: potion effect (might)
 19046 | Lair:4   | XOM: potion effect (might)
 19047 | Lair:4   | XOM: blink monster(s)
 19077 | Lair:4   | Reached skill level 14 in Bows
 19257 | Lair:5   | XOM: summons 4 friendly demons
 19258 | Lair:5   | XOM: god gift: robe {god gift}
 19260 | Lair:5   | XOM: enchant monster (good)
 19295 | Lair:5   | XOM: potion effect (haste)
 19308 | Lair:5   | XOM: god gift: 879 gold pieces
 19389 | Lair:5   | Found a dark tunnel.
 19397 | Volcano  | Entered a volcano
 19449 | Volcano  | XOM: divination: detect creatures
 19458 | Volcano  | XOM: enchant monster (good)
 19757 | Volcano  | XOM: give mutations
 19757 | Volcano  | Lost mutation: Your spells are a little harder to cast, but
                  | a little more powerful. [Xom's mischief]
 19757 | Volcano  | Gained mutation: You are very frail. (-20% HP) [Xom's
                  | mischief]
 19757 | Volcano  | Gained mutation: You occasionally shout uncontrollably at
                  | your foes. [Xom's mischief]
 19795 | Volcano  | XOM: noise
 19872 | Volcano  | XOM: enchant monster (good)
 19906 | Volcano  | XOM: fake destruction
 19908 | Volcano  | Gained mutation: You regenerate health from kills. [demonic
                  | ancestry]
 19908 | Volcano  | Reached XP level 15. HP: 66/95 MP: 15/15
 20321 | Lair:5   | XOM is BORED!
 20321 | Lair:5   | XOM: summons 8 hostile demons
 20647 | Lair:5   | XOM: noise
 20685 | Lair:5   | XOM: noise
 20751 | Lair:5   | XOM: cast spell 'Leda's Liquefaction'
 20804 | Lair:5   | XOM: confuse monster(s)
 20827 | Lair:5   | XOM: divination: magic mapping
 21000 | Lair:5   | XOM: potion effect (brilliance)
 21007 | Lair:5   | XOM: swap monsters
 21011 | Lair:5   | XOM: summons 3 friendly demons
 21182 | Lair:5   | XOM: 2-stop teleportation journey
 21191 | Lair:5   | XOM: give mutation
 21191 | Lair:5   | Lost mutation: You occasionally shout uncontrollably at
                  | your foes. [Xom's mischief]
 21213 | Lair:5   | Found a staircase to the Slime Pits.
 21258 | Lair:5   | XOM: give mutations
 21258 | Lair:5   | Gained mutation: Armour fits poorly on your strangely
                  | shaped body. [Xom's mischief]
 21258 | Lair:5   | Lost mutation: You have a somewhat thin skeletal structure.
                  | (Dex +2, Stealth+) [Xom's mischief]
 21258 | Lair:5   | Gained mutation: You have a somewhat thin skeletal
                  | structure. (Dex +2, Stealth+) [Xom's mischief]
 21540 | Lair:5   | XOM: give mutations
 21540 | Lair:5   | Gained mutation: You are resistant to electric shocks.
                  | (rElec) [Xom's grace]
 21540 | Lair:5   | Lost mutation: You are very frail. (-20% HP) [Xom's grace]
 21540 | Lair:5   | Gained mutation: Your muscles are strong. (Str +2) [Xom's
                  | grace]
 21540 | Lair:5   | Gained mutation: Your spells are a little harder to cast,
                  | but a little more powerful. [Xom's grace]
 21709 | Lair:5   | Got The Second Course in Spellcraft
 21871 | Lair:5   | You fall into a shaft and drop 1 floor!
 21871 | Lair:6   | Entered Level 6 of the Lair of Beasts
 21880 | Lair:6   | XOM: polymorph cane toad -> glowing shapeshifter
 21961 | Lair:6   | Found a gate leading to a gauntlet.
 21972 | Gauntlet | Entered a Gauntlet
 21972 | Gauntlet | Found a large runed translucent door.
 21972 | Gauntlet | Found a large runed translucent door.
 21972 | Gauntlet | Found a large runed translucent door.
 21972 | Gauntlet | Found a large runed translucent door.
 21972 | Gauntlet | Found a large runed translucent door.
 21972 | Gauntlet | Found a large runed translucent door.
 21972 | Gauntlet | Found a large runed translucent door.
 21972 | Gauntlet | Found a large runed translucent door.
 21972 | Gauntlet | Found a runed translucent door.
 21972 | Gauntlet | Found a runed translucent gate.
 21972 | Gauntlet | Found a transporter.
 21972 | Gauntlet | Found a transporter.
 21972 | Gauntlet | Found a runed translucent gate.
 21972 | Gauntlet | Found a transporter.
 21976 | Gauntlet | Found a transporter.
 21976 | Gauntlet | Found a transporter.
 21977 | Gauntlet | Found a runed translucent gate.
 21977 | Gauntlet | Found a runed translucent door.
 21981 | Gauntlet | Found a large runed translucent door.
 21981 | Gauntlet | Found a large runed translucent door.
 21986 | Gauntlet | Found a transporter.
 21990 | Gauntlet | Found a transporter.
 22002 | Gauntlet | Found a transporter.
 22046 | Gauntlet | Found a large runed translucent door.
 22046 | Gauntlet | Found a large runed translucent door.
 22049 | Gauntlet | Found a large runed translucent door.
 22049 | Gauntlet | Found a large runed translucent door.
 22050 | Gauntlet | Found a large runed translucent door.
 22051 | Gauntlet | Found a large runed translucent door.
 22082 | Gauntlet | XOM: scenery: summon butterflies
 22093 | Gauntlet | Found a transporter.
 22101 | Gauntlet | Found a transporter.
 22105 | Gauntlet | Found a transporter.
 22115 | Gauntlet | Found a transporter.
 22269 | Gauntlet | Reached skill level 15 in Bows
 22274 | Gauntlet | XOM: noise
 22319 | Gauntlet | Reached skill level 10 in Armour
 22497 | Gauntlet | XOM: summons 3 hostile demons
 22521 | Gauntlet | XOM: silly message
 22655 | Gauntlet | Identified the amulet "Gezuna" {Spirit Rampage rF+ rC+}
 23349 | Lair:6   | XOM: give mutations
 23349 | Lair:6   | Lost mutation: You possess an exceptional clarity of mind.
                  | [Xom's mischief]
 23349 | Lair:6   | Lost mutation: You are frail. (-10% HP) [Xom's mischief]
 23349 | Lair:6   | Lost mutation: You have a pair of small horns on your head.
                  | [Xom's mischief]
 23422 | Lair:6   | Reached skill level 1 in Polearms
 23587 | Lair:6   | XOM: swap monsters
 23668 | Lair:6   | XOM: noise
 23846 | Lair:6   | XOM: summons 2 hostile demons
 23887 | Lair:6   | XOM: divination: detect items
 24048 | Lair:6   | XOM: cleaving
 24054 | Lair:6   | XOM: 7-stop teleportation journey
 24056 | Lair:6   | XOM: summons friendly white imp
 24120 | Lair:6   | XOM: cast spell 'Leda's Liquefaction'
 24153 | Lair:6   | XOM: 3-stop teleportation journey
 24277 | Lair:6   | XOM: enchant monster (good)
 24287 | Lair:6   | XOM: cloud trail
 24534 | Lair:6   | XOM: summons 2 hostile shadow creatures
 24927 | Lair:5   | XOM: stat loss: -1 Int (12/13)
 25317 | Orc:1    | Entered Level 1 of the Orcish Mines
 25317 | Orc:1    | Found Sagisew's General Store.
 25529 | Orc:2    | XOM: noise
 25529 | Orc:2    | Entered Level 2 of the Orcish Mines
 25530 | Orc:2    | XOM: blink monster(s)
 25533 | Orc:2    | XOM: repel stairs
 25585 | Orc:1    | Noticed Erolcha
 25585 | Orc:1    | XOM: 7-stop teleportation journey
 25590 | Orc:1    | XOM: summons 5 friendly demons
 25592 | Orc:1    | XOM: cast spell 'Dispersal'
 25612 | Orc:1    | XOM: butterfly on damage
 25618 | Orc:1    | XOM: enchant monster (good)
 25632 | Orc:1    | Gained mutation: You regenerate a lot of health from kills.
                  | [demonic ancestry]
 25632 | Orc:1    | Reached XP level 16. HP: 127/127 MP: 13/16
 25658 | Orc:1    | Killed Erolcha
 25739 | Orc:1    | XOM: summons 2 hostile shadow creatures
 25873 | Orc:1    | XOM: summons 5 hostile demons
 26130 | Orc:2    | XOM: give mutations
 26130 | Orc:2    | Gained mutation: You have hoof-like feet. [Xom's mischief]
 26130 | Orc:2    | Lost mutation: You have hoof-like feet. [Xom's mischief]
 26130 | Orc:2    | Gained mutation: You sometimes lose the ability to read
                  | scrolls when taking damage. [Xom's mischief]
 26283 | Orc:2    | Found Rocuth's Weapon Shoppe.
 26283 | Orc:2    | Found Hidoh's Jewellery Shoppe.
 26295 | Orc:2    | Found Otwott's Armour Emporium.
 26295 | Orc:2    | Found Zotabaul's Armour Emporium.
 26328 | Orc:2    | Bought +0 shadow dragon scales for 1040 gold pieces
 26413 | Orc:2    | XOM: 1-stop teleportation journey
 26499 | Orc:2    | XOM: confuse monster(s)
 26510 | Orc:2    | XOM: cast spell 'Summon Ice Beast'
 26574 | Orc:2    | Found a staircase to the Elven Halls.
 26745 | Orc:2    | XOM: silly message
 26749 | Orc:2    | XOM: cast spell 'Olgreb's Toxic Radiance'
 27391 | D:5      | XOM: give mutation
 27391 | D:5      | Gained mutation: You are frail. (-10% HP) [Xom's mischief]
 27857 | D:9      | Got Vurofu's Volume of Creation and Attacks
 27919 | D:11     | XOM: silly message
 28100 | D:14     | XOM: enchant monster (good)
 28197 | D:14     | Found a gate to the Vaults.
 28368 | D:14     | XOM: chaos cloud
 28428 | D:14     | Found an iron altar of Okawaru.
 28473 | D:14     | XOM: give mutations
 28473 | D:14     | Lost mutation: You have large cloven feet. [Xom's mischief]
 28473 | D:14     | Gained mutation: Your body sometimes deteriorates upon
                  | taking damage. [Xom's mischief]
 28808 | D:15     | Entered Level 15 of the Dungeon
 28847 | D:15     | Reached skill level 16 in Bows
 28855 | D:15     | XOM: enchant monster (good)
 28926 | D:15     | XOM is BORED!
 28926 | D:15     | XOM: summons 9 hostile demons
 28988 | D:15     | Found a stormy altar of Qazlal.
 29310 | D:15     | XOM: give mutations
 29310 | D:15     | Lost mutation: You have a beak for a mouth. [Xom's
                  | mischief]
 29310 | D:15     | Lost mutation: You are frail. (-10% HP) [Xom's mischief]
 29310 | D:15     | Lost mutation: You sometimes lose the ability to read
                  | scrolls when taking damage. [Xom's mischief]
 29310 | D:15     | Gained mutation: Your body often deteriorates upon taking
                  | damage. [Xom's mischief]
 29452 | D:15     | XOM: scenery: create altars
 29566 | D:15     | Found a staircase to the Depths.
 29972 | D:8      | XOM: divination: magic mapping
 30110 | Spider:1 | Entered Level 1 of the Spider Nest
 30120 | Spider:1 | Noticed Frances
 30154 | Lair:4   | XOM: give mutations
 30154 | Lair:4   | Gained mutation: Your flesh is cold resistant. (rC+) [Xom's
                  | grace]
 30154 | Lair:4   | Gained mutation: You are covered in fur. (AC +1) [Xom's
                  | grace]
 30154 | Lair:4   | Gained mutation: You passively dampen the noise of your
                  | surroundings. [Xom's grace]
 30174 | Lair:4   | HP: 3/129 [wolf spider (10)]
 30174 | Lair:4   | Mangled by a redback

Illustrated notes

Levels and vault maps discovered:
D:1:      lightli_arrival_statuegarden, layout_basic, serial_shops,
          nicolae_shop_hallway_stairs, chequers_serial_rivers_small_a,
          serial_bayou_crossing
D:2:      layout_loops_ring
D:3:      layout_loops_ring
D:4:      layout_rooms, hangedman_decor_slide_cut
D:5:      layout_cave_pools, kennysheep_crisscross, uniq_grinder
D:6:      layout_loops_corners, hangedman_decor_peaks_small, uniq_blork_the_orc
D:7:      layout_basic, kiku_gazebo_pond_becter, minmay_temple_entry_grid,
          serial_shops, nicolae_shop_crystal, uniq_prince_ribbit1, uniq_harold
D:8:      layout_basic, minmay_overflow_temple_star_quad, xom_teletrap_fun,
          due_lair_maze_entry_diamond
D:9:      gammafunk_corrupted_shrine, layout_basic, special_room
          [special_room_orc], serial_shops, nicolae_square_shop,
          kennysheep_generic_room_2
D:10:     layout_loops_ring, kennysheep_mini,
          beargit_hepliaklqana_dungeon_heroes, uniq_fannar
D:11:     layout_long_grid, gammafunk_ghost_split
D:12:     layout_cave_pools, minmay_orc_entry_temple_large
D:13:     layout_long_grid, drop_trap, grunt_tough_drop, uniq_sonja,
          uniq_maurice
D:14:     layout_basic, david_vaults_5, okawaru_trees_2
D:15:     gammafunk_enter_depths_forms, layout_cave_pools, lemuel_crystal_altar
Lair:1:   layout_gridlike, uniq_maggie
Lair:2:   layout_roguey, minmay_swamp_entry_worms, gammafunk_ghost_ooze,
          serial_bayou_lagoon_b, lemuel_fruit_tree, uniq_nergalle
Lair:3:   layout_gridlike
Lair:4:   layout_hall_layers, nicolae_spider_entry_orb_guardian
Lair:5:   nzn_winding_woodlands_huge [nzn_winding_woodlands_5x15_pockets,
          nzn_winding_woodlands_5x15_sawtooth,
          nzn_winding_woodlands_5x15_crooked, nzn_winding_woodlands_5x15_garden,
          nzn_winding_woodlands_5x15_split_checker,
          nzn_winding_woodlands_5x15_eye, nzn_winding_woodlands_5x15_concentric,
          nzn_winding_woodlands_5x15_lazy_stream,
          nzn_winding_woodlands_5x15_pool,
          nzn_winding_woodlands_5x15_pathside_ponds,
          nzn_winding_woodlands_center_pierced_h,
          nzn_winding_woodlands_center_triple_pond,
          nzn_winding_woodlands_15x15_eel_pit], layout_regular_city,
          minmay_slime_entry_pillars, nicolae_volcano_entry_two_sided
Lair:6:   minmay_lair_end_frog_pond, layout_regular_city, gauntlet_entry_generic
Spider:1: layout_spider_delve, uniq_frances
Orc:1:    layout_caves, serial_shops, shop, nicolae_orc_lost_temple,
          uniq_erolcha
Orc:2:    st_orc_mages, layout_caves

Skill      XL: |  1  2  3  4  5  6  7  8  9 10 11 12 13 14 15 16 |
---------------+-------------------------------------------------+-----
Dodging        | 1 2 3 4 5 6 7 8 9 |  9.4
Armour         | 2 5 6 7 8 9 10 11 | 11.0
Short Blades   | 3 4 5 |  5.5
Stealth        | 1 2 3 5 6 7 9 10 11 12 | 12.1
Fighting       | 4 5 6 7 8 9 10 11 12 | 12.8
Bows           | 4 6 9 10 12 13 14 15 16 | 16.2
Evocations     | 4 5 |  5.7
Polearms       | 2 4 |  4.3

Action                   |  1- 3 |  4- 6 |  7- 9 | 10-12 | 13-15 | 16-18 || total
-------------------------+-------+-------+-------+-------+-------+-------++-------
Melee: Short sword       |    90 |    65 |   181 |    37 |    10 |       ||   383
       Tailslap          |     4 |     9 |    38 |     7 |     4 |       ||    62
       Peck              |       |    11 |    57 |    10 |     3 |     2 ||    83
       Headbutt          |       |     5 |     1 |     9 |     1 |       ||    16
       Unarmed           |       |     6 |       |       |       |       ||     6
       Kick              |       |       |    27 |    15 |     8 |       ||    50
       Longbow           |       |       |       |       |     5 |       ||     5
       Glaive            |       |       |       |       |       |    18 ||    18
 Fire: Longbow           |       |       |    36 |   516 |  1298 |   651 ||  2501
Throw: Throwing net      |       |       |     2 |       |       |       ||     2
Evoke: Wand              |       |       |     4 |       |     1 |       ||     5
       Box of beasts     |       |       |       |       |     1 |       ||     1
  Use: Scroll            |     1 |     5 |     7 |     6 |     7 |     3 ||    29
       Potion            |       |     2 |     4 |    13 |     7 |     2 ||    28
 Stab: Sleeping          |     4 |     3 |     3 |       |       |       ||    10
       Paralysed         |     1 |       |       |       |       |       ||     1
       Distracted        |       |     1 |       |       |       |       ||     1
       Confused          |       |       |     1 |       |       |       ||     1
Armor: Leather armour    |    29 |    12 |    22 |     6 |       |       ||    69
       Scale mail        |       |       |       |    64 |    97 |    25 ||   186
       Chain mail        |       |       |       |       |    18 |       ||    18
       Shadow dragon sca |       |       |       |       |       |   137 ||   137
Dodge: Dodged            |    40 |    28 |    77 |   160 |   205 |   244 ||   754
Block: Other             |    11 |    14 |    28 |    57 |    98 |    90 ||   298

Table legend: (Time is in decaauts)
 A = Elapsed time spent in this place.
 B = Non-inter-level travel time spent in this place.
 C = Inter-level travel time spent in this place.
 D = Time resting spent in this place.
 E = Time spent auto-exploring this place.
 F = Levels seen in this place.
 G = Mean time per level.
                   A        B        C        D        E       F      G
               +--------+--------+--------+--------+--------+-----+--------+
         Total |  29408 |  27787 |   1621 |   5174 |  17146 |  26 | 1131.1 |
       Dungeon |  17931 |  16781 |   1150 |   3978 |   9974 |  15 | 1195.4 |
          Lair |   7986 |   7564 |    422 |    542 |   5558 |   6 | 1331.0 |
   Spider Nest |     10 |     10 |      0 |      0 |      0 |   1 |   10.0 |
  Orcish Mines |   1525 |   1479 |     46 |      0 |    996 |   2 |  762.5 |
       Volcano |    720 |    720 |      0 |    158 |    199 |   1 |  720.0 |
      Gauntlet |   1234 |   1234 |      0 |    494 |    418 |   1 | 1234.0 |
               +--------+--------+--------+--------+--------+-----+--------+

Top non-repeatable levels by time:
  Lair:5: 2203 daAuts
     D:4: 1868 daAuts
    D:13: 1865 daAuts
    D:10: 1652 daAuts
     D:7: 1596 daAuts
  Lair:6: 1482 daAuts
  Lair:2: 1300 daAuts
     D:6: 1298 daAuts
     D:9: 1261 daAuts
Gauntlet: 1234 daAuts
     D:1: 1173 daAuts
    D:11: 1140 daAuts
     D:8: 1133 daAuts
     D:2: 1117 daAuts
    D:12: 1099 daAuts
